 Dungeon Sprint DCSS version 0.30-a0-737-gf23d94013f (webtiles) character file.

Game seed: 4580520760553708671

420 BigDaddyOpFi the Transmogrifier (level 6, -2/24 HPs)
             Began as a Felid Earth Elementalist on Feb 1, 2023.
             Was the Champion of Vehumet.
             Killed from afar by an acid blob (26 damage)
             ... with a splash of acid
             ... in the Dungeon (Sprint V: "Ziggurat Sprint").
             The game lasted 00:05:09 (1406 turns).

BigDaddyOpFi the Transmogrifier (FeEE)              Turns: 1406, Time: 00:05:10

Health: -2/24      AC:  2    Str:  4    XL:     6   Next: 62%
Magic:  16/18      EV: 20    Int: 30    God:    Vehumet [******]
Gold:   0          SH:  0    Dex: 17    Spells: 9/21 levels left
                                        Lives:  0   Deaths: 2

rFire   . . .      SeeInvis +    (weapon unavailable)
rCold   . . .      Faith    .    (shield unavailable)
rNeg    + . .      Spirit   .    (body armour unavailable)
rPois   .          Reflect  .    (helmet unavailable)
rElec   .          Harm     .    (cloak unavailable)
rCorr   .          Rampage  .    (gloves unavailable)
Will    .....      NoTele   +    (boots unavailable)
Stlth   +++                      (no amulet)
HPRegen 0.24/turn                v - +6 ring of intelligence
MPRegen 0.16/turn                A - ring of Okate {rN+ Int+6 Slay+3}

@: quick
A: very small, claws 1, fangs 3, see invisible, speed 1, shaggy fur 2, stealthy
paws, no weapons or thrown items, no armour, multi-lived
a: Renounce Religion


You were in the Dungeon.
You worshipped Vehumet.
Vehumet was exalted by your worship.
You visited 1 branch

Inventory:

Jewellery
 j - a ring of resist corrosion
 s - a ring of flight
 t - a +6 ring of dexterity
 u - a +6 ring of dexterity
 v - a +6 ring of intelligence (left paw)
 w - a +6 ring of intelligence
 x - a +6 ring of strength
 y - a +6 ring of strength
 A - the ring of Okate (right paw) {rN+ Int+6 Slay+3}
   (You found it in the Dungeon)

   [ring of intelligence]

   Int:       It affects your intelligence (+6).
   Slay:      It affects your accuracy & damage with ranged weapons and melee
   (+3).
   rN:        It protects you from negative energy.
Wands
 p - a wand of mindburst (7)
 q - a wand of iceblast (7)
 r - a wand of light (7)
Scrolls
 f - 3 scrolls of blinking
 l - 4 scrolls of amnesia
 m - 7 scrolls of fog
 n - 5 scrolls of identify
 o - 2 scrolls of fear
Potions
 a - 7 potions of magic
 b - 10 potions of curing
 c - 7 potions of heal wounds
 d - 5 potions of haste
 e - 3 potions of berserk rage
 g - 2 potions of brilliance
 i - 4 potions of resistance
 k - 5 potions of might
Miscellaneous
 z - a lightning rod (4/4)
 B - a piece from Xom's chessboard (15/15)
 C - a condenser vane
 D - a lightning rod (4/4)
 E - a lightning rod (4/4)


   Skills:
 - Level 6.0 Dodging
 - Level 6.5 Stealth
 - Level 8.1 Spellcasting
 + Level 11.0 Transmutations
 + Level 9.7 Earth Magic


You had 9 spell levels left.
You knew the following spells:

 Your Spells              Type           Power      Damage    Failure   Level
a - Sandblast             Erth           100%       2d20      1%          1
b - Stone Arrow           Conj/Erth      82%        3d12      1%          3
c - Kiss of Death         Conj/Necr      48%        2d9       1%          1
d - Hailstorm             Conj/Ice       12%        3d5       3%          3
e - Ice Form              Ice/Tmut       45%        N/A       4%          4

Your spell library contained the following spells:

 Spells                   Type           Power      Damage    Failure   Level
 Iron Shot                Conj/Erth      20%        9d5       22%         6
 Passwall                 Tmut/Erth      54%        N/A       1%          2
 Petrify                  Tmut/Erth      65%        N/A       1%          4
 Simulacrum               Ice/Necr       6%         N/A       100%        6


Dungeon Overview and Level Annotations

Branches:
Dungeon (1/1)

Altars:
Ashenzari
Cheibriados
Dithmenos
Elyvilon
Fedhas
Gozag
Hepliaklqana
Kikubaaqudgha
Makhleb
Nemelex Xobeh
Okawaru
Qazlal
Ru
Sif Muna
Trog
Uskayaw
Vehumet
Wu Jian
Xom
Yredelemnul
Zin
The Shining One
Jiyva
Lugonu

Annotations:
D 1 transporter


Innate Abilities, Weirdness & Mutations

You have sharp claws.
You have razor-sharp teeth.
You have supernaturally acute eyesight. (SInv)
You cover ground quickly. (Speed+)
You are covered in thick fur. (AC +2)
Your paws help you pounce on unaware monsters.
You are incapable of wielding weapons or throwing items.
You cannot wear armour.
You gain extra lives every three experience levels.


Message History

The stone arrow hits the slime creature!
The slime creature is almost dead.
The slime creature barely misses you.
Casting: Stone Arrow (safe; 1% risk of failure)
Confirm with . or Enter, or press ? or * to list all spells.
Aiming: Stone Arrow (safe; 1% risk of failure)
Press: ? - help, Shift-Dir - straight line, f/p - slime creature
Aim: a slime creature (almost dead, 95% to hit)
The stone arrow hits the slime creature!!
You kill the slime creature!
Vehumet accepts your kill.
Vehumet offers you knowledge of Iron Shot.
Your Transmutations skill increases to level 11!
You start resting.
Magic restored.
Welcome to arena 13.
There is a transporter landing site here.
A rockslime comes into view.
Found the +4 war axe of the Baleful God {protect, rC+}.
The floating eye turns its gaze towards you.
The great orb of eyes turns its gaze towards you.
There is a transporter landing site here.
The shining eye turns its gaze towards you.
The slime creature quivers. x2; The acid blob quivers.
The floating eye seems to glare at you.
Casting: Stone Arrow (safe; 1% risk of failure)
Confirm with . or Enter, or press ? or * to list all spells.
Aiming: Stone Arrow (safe; 1% risk of failure)
Press: ? - help, Shift-Dir - straight line, f - floating eye
Aim: a floating eye (fully charged, 100% to hit)
The stone arrow hits the floating eye!!
You kill the floating eye!
Vehumet accepts your kill.
You feel your power returning.
The rockslime quivers.
Two slime creatures merge to form a large slime creature.
The acid blob spits acid at you. The splash of acid hits you!!
Ouch! That really hurt!
You die...

▓....©....▓...©E
▓..JG)[[:}..▓▓▓▓▓▓▓▓▓▓▓▓▓▓▓▓
▓...J))=[...▓...8©8...
▓.....G.J.G.▓..[|!))..▓
▓...........▓...??}..S▓
▓.......J.G.▓.........▓
▓.........J.▓..S......▓
▓..▓.....▓..▓.........▓
▓.▓▓▓...▓▓▓@▓.S.......▓
▓..▓.....▓..▓.N......S▓
▓.....©.....▓...†©...S▓
▓▓▓▓▓▓▓▓▓▓▓▓▓▓▓▓▓▓▓▓▓▓▓


You could see an acid blob, a great orb of eyes, a large slime creature, a
rockslime, 2 shining eyes, a jelly (asleep) and a floating eye (asleep).

Vanquished Creatures
  A tarantella (D)
  A slime creature (D)
  A naga (D)
  A floating eye (D)
  2 phantoms (D)
  3 scorpions (D)
  2 crimson imps (D)
  2 iron imps (D)
  An orc priest (D)
  2 white imps (D)
  An ufetubus (D)
  2 adder skeletons (D)
  An orc (D)
  2 bat zombies (D)
  A ball python (D)
  3 ball python skeletons (D)
  2 ball python zombies (D)
  A quokka zombie (D)
29 creatures vanquished.

Notes
Turn   | Place    | Note
-------+----------+-------------------------------------------
     0 | D        | BigDaddyOpFi the Felid Earth Elementalist began the quest
                  | for the Orb.
     0 | D        | Reached XP level 1. HP: 7/7 MP: 4/4
     2 | D        | Found a blossoming altar of Fedhas.
     2 | D        | Found the +6 Majin-Bo {spellvamp, MP+6 Int+6}
     2 | D        | Found the +27 heavy crossbow "Sniper" {heavy, Acc+∞ SInv}
     2 | D        | Found the +10 dark maul {heavy}
     2 | D        | Found the +15 Maxwell's patent armour {-Cast -Tele rElec
                  | Will+ rCorr}
     2 | D        | Found the +18 shield of the Gong {Loud rElec rN+ Will+
                  | EV-5}
     2 | D        | Found the +16 obsidian axe {drain, demonic, Mesm Drain Fly
                  | SInv}
     2 | D        | Found the +7 great mace "Firestarter" {flame, inner flame,
                  | rFlCloud rF++}
     2 | D        | Found the +6 shillelagh "Devastator" {shatter}
     2 | D        | Found the +11 plutonium sword {Contam Stlth-}
     2 | D        | Found the +8 lance "Wyrmbane" {slay drac, rPois rF+ rC+
                  | AC+3}
     2 | D        | Found the +9 sword of Zonguldrok {reap}
     2 | D        | Found the +13 scythe of Curses {drain, curses, Drain}
     2 | D        | Found the +9 sword of Power {lifebolt}
     2 | D        | Found the +7 mace of Variability {chaos, chain chaos}
     2 | D        | Found the +11 Singing Sword {sonic wave}
     2 | D        | Found the +8 storm bow {elec, penet}
     5 | D        | Found a shimmering blue altar of Sif Muna.
     5 | D        | Found a sacrificial altar of Ru.
     5 | D        | Found a bloodstained altar of Trog.
     5 | D        | Found a stormy altar of Qazlal.
     5 | D        | Found an iron altar of Okawaru.
     5 | D        | Found a sparkling altar of Nemelex Xobeh.
     7 | D        | Found a transporter.
     7 | D        | Found an ancient bone altar of Kikubaaqudgha.
     7 | D        | Found a viscous altar of Jiyva.
     7 | D        | Found a corrupted altar of Lugonu.
     7 | D        | Found a hazy altar of Hepliaklqana.
     7 | D        | Found a burning altar of Makhleb.
     7 | D        | Found an opulent altar of Gozag.
    27 | D        | Reached XP level 2. HP: 11/11 MP: 4/11
   111 | D        | Became a worshipper of Vehumet
   135 | D        | Entered arena 2.
   135 | D        | Found a transporter.
   137 | D        | Reached skill level 2 in Transmutations
   137 | D        | Reached XP level 3. HP: 14/14 MP: 10/12
   142 | D        | Learned a level 3 spell: Stone Arrow
   284 | D        | Entered arena 3.
   284 | D        | Noticed a phantom
   284 | D        | Noticed a phantom
   284 | D        | Found a transporter.
   287 | D        | Killed a phantom
   287 | D        | Reached * piety under Vehumet
   287 | D        | Offered knowledge of Foxfire by Vehumet.
   288 | D        | Reached skill level 5 in Dodging
   288 | D        | Reached skill level 5 in Stealth
   288 | D        | Reached skill level 3 in Transmutations
   288 | D        | Reached XP level 4. HP: 18/18 MP: 9/14
   290 | D        | Killed a phantom
   291 | D        | Reached skill level 4 in Transmutations
   291 | D        | Reached XP level 5. HP: 21/21 MP: 2/16
   456 | D        | Entered arena 4.
   456 | D        | Found a transporter.
   457 | D        | Reached ** piety under Vehumet
   457 | D        | Offered knowledge of Kiss of Death by Vehumet.
   459 | D        | Reached skill level 5 in Transmutations
   459 | D        | Reached skill level 5 in Earth Magic
   528 | D        | Got the ring of Okate {rN+ Int+6 Slay+3}
   614 | D        | Entered arena 5.
   614 | D        | Noticed a tarantella
   614 | D        | Found a transporter.
   616 | D        | Reached *** piety under Vehumet
   617 | D        | Reached skill level 6 in Transmutations
   617 | D        | Gained mutation: You are covered in thick fur. (AC +2)
                  | [Felid growth]
   617 | D        | Reached XP level 6. HP: 24/24 MP: 11/18
   619 | D        | Reached skill level 7 in Transmutations
   626 | D        | Killed a tarantella
   627 | D        | Reached skill level 9 in Transmutations
   627 | D        | Reached XP level 7. HP: 27/27 MP: 15/19
   815 | D        | Learned a level 1 spell: Kiss of Death
   816 | D        | Entered arena 6.
   816 | D        | Found the +4 moon troll leather armour {Spirit, Regen++
                  | MP+5}
   816 | D        | Found a transporter.
   818 | D        | Offered knowledge of Searing Ray by Vehumet.
   818 | D        | Reached **** piety under Vehumet
  1032 | D        | Entered arena 7.
  1032 | D        | Noticed an air elemental
  1032 | D        | Noticed a wind drake
  1032 | D        | Noticed an air elemental
  1032 | D        | Noticed an air elemental
  1032 | D        | Noticed an air elemental
  1032 | D        | Noticed a wind drake
  1033 | D        | Paralysed by an air elemental for 1 turns
  1035 | D        | Paralysed by an air elemental for 1 turns
  1035 | D        | Mangled by an air elemental
  1036 | D        | Reached XP level 6. HP: -9/24 MP: 15/18
  1036 | D        | Found a transporter.
  1036 | D        | Offered knowledge of Frozen Ramparts by Vehumet.
  1036 | D        | Reached ***** piety under Vehumet
  1048 | D        | Reached skill level 10 in Transmutations
  1238 | D        | Entered arena 9.
  1249 | D        | Entered arena 10.
  1249 | D        | Noticed a naga mage
  1249 | D        | Noticed a naga
  1249 | D        | Noticed a water moccasin
  1249 | D        | Noticed a water moccasin
  1249 | D        | Noticed a black mamba
  1260 | D        | Killed a naga
  1260 | D        | Offered knowledge of Freezing Cloud by Vehumet.
  1261 | D        | Reached XP level 7. HP: 27/27 MP: 2/19
  1265 | D        | Reached ****** piety under Vehumet
  1268 | D        | Found a transporter.
  1274 | D        | Killed from afar by a naga mage
  1275 | D        | Reached XP level 6. HP: -11/24 MP: 1/18
  1280 | D        | Learned a level 3 spell: Hailstorm
  1285 | D        | Learned a level 4 spell: Ice Form
  1285 | D        | Noticed a floating eye
  1285 | D        | Noticed a shining eye
  1285 | D        | Noticed a slime creature
  1285 | D        | Noticed a floating eye
  1285 | D        | Noticed a great orb of eyes
  1285 | D        | Noticed a shining eye
  1285 | D        | Noticed a slime creature
  1285 | D        | Noticed a slime creature
  1285 | D        | Noticed a rockslime
  1285 | D        | Noticed an acid blob
  1285 | D        | Found the +3 pair of seven-league boots {Rampage+∞}
  1294 | D        | Killed a slime creature
  1294 | D        | Offered knowledge of Iron Shot by Vehumet.
  1295 | D        | Reached skill level 11 in Transmutations
  1387 | D        | Entered arena 14.
  1392 | D        | Noticed a rockslime
  1406 | D        | Killed a floating eye
  1406 | D        | Killed from afar by an acid blob

Illustrated notes

Levels and vault maps discovered:
D:        sprint_v [room_start, room_1, room_2, room_3, room_4, room_5, room_6,
          room_7, room_8, room_9, room_10, room_11, room_12, room_13, room_14,
          room_15, room_16, room_17, room_18, room_19, room_20, room_21,
          room_22, room_23, room_24, room_25, room_26, room_27]

Skill      XL: |  1  2  3  4  5  6 |
---------------+-------------------+-----
Spellcasting   | 7 8 |  8.1
Dodging        | 3 5 6 |  6.0
Stealth        | 3 5 6 |  6.5
Transmutations | 2 3 4 6 11 | 11.0
Earth Magic    | 3 4 6 9 |  9.7

Action                     |  1- 3 |  4- 6 |  7- 9 || total
---------------------------+-------+-------+-------++-------
  Melee: Unarmed           |       |     1 |       ||     1
   Cast: Sandblast         |     5 |     5 |     1 ||    11
         Stone Arrow       |       |    34 |    11 ||    45
    Use: Potion            |     1 |     5 |     2 ||     8
         Scroll            |       |     1 |       ||     1
 Armour: Skin              |       |     3 |     1 ||     4
  Dodge: Dodged            |     1 |    43 |     8 ||    52

Table legend: (Time is in decaauts)
 A = Elapsed time spent in this place.
 B = Non-inter-level travel time spent in this place.
 C = Inter-level travel time spent in this place.
 D = Time resting spent in this place.
 E = Time spent auto-exploring this place.
 F = Levels seen in this place.
 G = Mean time per level.
                   A        B        C        D        E       F      G
               +--------+--------+--------+--------+--------+-----+--------+
         Total |   1367 |   1367 |      0 |   1126 |      0 |   1 | 1367.0 |
       Dungeon |   1367 |   1367 |      0 |   1126 |      0 |   1 | 1367.0 |
               +--------+--------+--------+--------+--------+-----+--------+

Top non-repeatable levels by time:
       D: 1367 daAuts
